 Dungeon Crawl Stone Soup version 0.19-a0-1041-g82b1012 (webtiles) character file.

3915 Gruud the Cruncher (level 10, 36/60 HPs)
             Began as a Demonspawn Gladiator on July 30, 2016.
             Was a Follower of Pakellas.
             Quit the game on level 8 of the Dungeon on July 31, 2016.
             The game lasted 00:28:01 (7812 turns).

Gruud the Cruncher (Demonspawn Gladiator)           Turns: 7812, Time: 00:28:03

Health: 36/60      AC: 18    Str: 20    XL:     10   Next: 1%
Magic:  8/13       EV:  7    Int: 10    God:    Pakellas [*.....]
Gold:   116        SH:  0    Dex: 14    Spells: 0 memorised, 9 levels left

rFire  x . .     SeeInvis .     a - +1 quarterstaff
rCold  + . .     Gourm    .     d - +0 plate armour
rNeg   . . .     Faith    .     (shield currently unavailable)
rPois  +         Spirit   +     (helmet restricted)
rElec  .         Dismiss  .     (no cloak)
rCorr  .         Reflect  .     s - +0 pair of gloves
SustAt +         Harm     .     M - +0 pair of boots
MR     .....                    E - amulet of rage
Stlth  ..........               C - ring of ice
                                w - ring of sustain attributes

@: not resistant to hostile enchantments, extremely unstealthy
A: horns 1, slimy green scales 2, deterioration 1, frail 1, foul stench 1,
poison resistance, screaming 1, strong 1, magic shield, rot immunity
a: Quick Charge, Renounce Religion, Evoke Berserk Rage


You were on level 8 of the Dungeon.
You worshipped Pakellas.
Pakellas was aware of your devotion.
You were hungry.

You visited 2 branches of the dungeon, and saw 9 of its levels.
You also visited: Sewer and Ossuary.

You collected 752 gold pieces.
You spent 636 gold pieces at shops.

Inventory:

Hand Weapons
 a - a +1 quarterstaff (weapon)
Missiles
 h - 12 poisoned needles
 k - 15 tomahawks
 n - 8 needles of paralysis
 B - 7 javelins of penetration (quivered)
Armour
 c - a +1 helmet
 d - a +0 plate armour (worn)
 s - a +0 pair of gloves (worn)
 u - a +1 leather armour of cold resistance
 L - the +1 leather armour of the Fiend {rF+ rCorr Int-5 Dex+3}
   (You found it in a sewer)

   It affects your intelligence (-5).
   It affects your dexterity (+3).
   It protects you from fire.
   It protects you from acid and corrosion.
 M - a +0 pair of boots (worn)
Jewellery
 t - an uncursed ring of resist corrosion
 w - a ring of sustain attributes (left hand)
 C - a ring of ice (right hand)
 D - a +3 ring of dexterity
 E - an amulet of rage (around neck)
Wands
 G - a wand of iceblast (1/15)
Scrolls
 e - 7 scrolls of remove curse
 g - a scroll of enchant armour
 m - a scroll of fog
 p - a scroll of magic mapping
 q - a scroll of blinking
 y - 3 scrolls of teleportation
 F - a scroll of amnesia
Potions
 b - 3 potions of might
 i - 5 potions of brilliance
 j - 2 potions of agility
 l - a potion of ambrosia {unknown}
 o - 5 potions of heal wounds
 r - a potion of beneficial mutation {unknown}
 v - 5 potions of curing
 x - a potion of cancellation {unknown}
 H - 2 potions of magic {unknown}
 I - a potion of invisibility
 J - 3 potions of haste
Comestibles
 f - 5 bread rations
 z - 3 meat rations


   Skills:
 - Level 2.0 Fighting
 * Level 10.6 Staves
 - Level 1.7 Throwing
 + Level 7.1 Armour
 - Level 2.6 Dodging
 + Level 4.3 Evocations


You had 9 spell levels left.
You didn't know any spells.

Dungeon Overview and Level Annotations

Branches:
Dungeon (8/15)             Temple (1/1) D:7
   Lair: D:8-11

Altars:
Ashenzari
Cheibriados
Dithmenos
Elyvilon
Fedhas
Gozag
Hepliaklqana
Kikubaaqudgha
Makhleb
Nemelex Xobeh
Okawaru
Pakellas
Qazlal
Ru
Sif Muna
Trog
Uskayaw
Vehumet
Xom
Yredelemnul
Zin
The Shining One

Shops:
D:4 :   D:6 *


Innate Abilities, Weirdness & Mutations

You are mostly covered in slimy green scales. (AC +3)
You may emit foul miasma when damaged in melee.
When hurt, damage is shared between your health and your magic reserves.
You are immune to rotting.
You have a pair of small horns on your head.
Your body sometimes deteriorates upon taking damage.
You are frail. (-10% HP)
Your system is resistant to poisons. (rPois)
You occasionally shout uncontrollably at your foes.
Your muscles are strong. (Str +2)


Message History

You start eating one of the 4 mutagenic chunks of flesh.
You continue eating. x2
You finish eating.
This meat tastes really weird.
You feel the urge to shout.
You start eating one of the 3 mutagenic chunks of flesh.
You continue eating. x2
You finish eating.
This meat tastes really weird.
A pair of horns grows on your head!
Your +1 helmet falls away!
You start eating one of the 2 mutagenic chunks of flesh.
You continue eating. x2
You finish eating.
This meat tastes really weird.
You feel frail.
You start eating the mutagenic chunk of flesh.
You continue eating. x2
You are feeling hungry.
You finish eating.
This meat tastes really weird.
You feel resistant to poisons.
Okay, then.
Are you sure you want to abandon this character and quit the game? (Confirm with "yes".)

... #.#h# #........≈≈ #.# #.#.#
#......)... #.# #.#.# #..........
#o#####.#.# #..........
#.#...#.#.# ###########
#o#.o.#.#.# # #o#...#.#.#
######### #
#)#...#.#.###########.......#####
#)#.............@...........#....
#'#.....#)#...######........#.###
........#.#........#........#.#
....##..#.####.###.#..........#
..>.##.)#.....>..#.####+##....###
....##..#.<###.#.#.# #..........
....##..#...[#.#.#.# ###....####
<...##..##.#.#.#...# #.####
....##..##.#.#.##### #.#


There were no monsters in sight!

Vanquished Creatures
  The ghost of Kenran the Skirmisher, a novice MiHu (Ossuary)
  Sigmund (D:6)
  A hungry ghost (D:7)
  3 orc warriors
  Purgy (Sewer)
  4 sky beasts
  2 ice beasts
  3 ogres
  2 centaurs (D:7)
  A big kobold (D:7)
  5 killer bees
  2 howler monkeys
  2 crimson imps
  2 centaur zombies
  A giant frog zombie (D:5)
  A human zombie (Ossuary)
  A jelly (D:7)
  A quasit (D:8)
  8 hounds
  5 orc wizards
  3 giant frog skeletons
  6 orc priests
  An iguana (D:6)
  3 worker ants
  2 big kobold zombies (Ossuary)
  2 mummies (Ossuary)
  2 worker ant zombies
  7 gnolls
  5 river rats (D:4)
  15 adders
  2 oozes
  An adder skeleton (D:8)
  2 worms
  2 dart slugs
  7 giant geckos
  30 orcs
  3 ball pythons
  A giant cockroach (D:7)
  3 gnoll zombies (Ossuary)
  6 goblins
  3 hobgoblins
  13 jackals
  9 kobolds
  3 quokkas
  2 bats (D:1)
  A giant gecko skeleton (D:6)
  3 giant newts
  2 goblin zombies (Ossuary)
  2 hobgoblin zombies (Ossuary)
  3 orc zombies (Ossuary)
  A quokka zombie (D:5)
  5 rats
  A fungus (D:2)
198 creatures vanquished.

Notes
Turn   | Place    | Note
-------+----------+-------------------------------------------
     0 | D:1      | Gruud the Demonspawn Gladiator began the quest for the Orb.
     0 | D:1      | Reached XP level 1. HP: 16/16 MP: 1/1
    82 | D:1      | Reached skill level 3 in Staves
   173 | D:1      | Gained mutation: You are partially covered in slimy green scales. (AC +2) [demonic ancestry]
   173 | D:1      | Reached XP level 2. HP: 16/22 MP: 2/2
   432 | D:1      | Reached skill level 1 in Armour
   696 | D:2      | Gained mutation: You are immune to rotting. [demonic ancestry]
   696 | D:2      | Reached XP level 3. HP: 23/27 MP: 3/3
  1398 | D:2      | Reached skill level 4 in Staves
  1398 | D:2      | Gained mutation: You are mostly covered in slimy green scales. (AC +3) [demonic ancestry]
  1398 | D:2      | Reached XP level 4. HP: 16/33 MP: 4/4
  1851 | D:3      | Reached XP level 5. HP: 24/38 MP: 5/5
  2012 | D:3      | Found a faded altar of an unknown god.
  2089 | D:4      | Found a glowing drain.
  2158 | Sewer    | Entered a sewer
  2287 | Sewer    | Reached skill level 5 in Staves
  2328 | Sewer    | Noticed Purgy
  2335 | Sewer    | Killed Purgy
  2335 | Sewer    | Reached XP level 6. HP: 44/44 MP: 6/6
  2349 | Sewer    | Got a pearl-studded leather armour
  2360 | Sewer    | Identified the cursed +1 leather armour of the Fiend {rF+ rCorr Int-5 Dex+3} (You found it in a sewer)
  2481 | D:4      | Found Gitraz's Book Shoppe.
  3069 | D:5      | Entered Level 5 of the Dungeon
  3091 | D:4      | Reached skill level 6 in Staves
  3155 | D:5      | Reached XP level 7. HP: 50/50 MP: 7/7
  3283 | D:5      | Got a faintly glowing leather armour
  3294 | D:5      | Identified the +3 leather armour of the Sea {Str+3} (You found it on level 5 of the Dungeon)
  3567 | D:6      | Reached skill level 7 in Staves
  3657 | D:6      | Found a stormy altar of Qazlal.
  3733 | D:6      | Noticed Sigmund
  3878 | D:6      | Found a sand-covered staircase.
  3887 | Ossuary  | Entered an ossuary
  3888 | Ossuary  | Noticed Kenran's ghost (novice MiHu)
  3906 | Ossuary  | Killed Kenran's ghost
  3906 | Ossuary  | Reached skill level 8 in Staves
  3906 | Ossuary  | Reached skill level 5 in Armour
  3906 | Ossuary  | Reached XP level 8. HP: 48/56 MP: 8/8
  4142 | D:6      | Killed Sigmund
  4680 | D:6      | Found Dutei's General Store.
  4688 | D:6      | Bought a scroll of identify for 24 gold pieces
  4688 | D:6      | Bought a scroll of teleportation for 36 gold pieces
  4688 | D:6      | Bought a potion of heal wounds for 60 gold pieces
  4688 | D:6      | Bought a scroll of teleportation for 36 gold pieces
  4688 | D:6      | Bought an uncursed amulet of rage for 480 gold pieces
  4727 | D:6      | Reached skill level 9 in Staves
  5000 | D:7      | Reached skill level 1 in Evocations
  5000 | D:7      | Gained mutation: You may emit foul miasma when damaged in melee. [demonic ancestry]
  5000 | D:7      | Reached XP level 9. HP: 27/61 MP: 9/9
  5815 | D:7      | Found a staircase to the Ecumenical Temple.
  5836 | Temple   | Entered the Ecumenical Temple
  5843 | Temple   | Became a worshipper of Pakellas the Inventive
  6422 | D:7      | Reached * piety under Pakellas
  6422 | D:7      | Received a gift from Pakellas
  6508 | D:7      | Reached skill level 10 in Staves
  6770 | D:8      | Found an ancient bone altar of Kikubaaqudgha.
  7332 | D:8      | Found a sparkling altar of Nemelex Xobeh.
  7355 | D:8      | Found a hazy altar of Hepliaklqana.
  7395 | D:8      | Gained mutation: Your muscles are strong. (Str +2) [mutagenic meat]
  7411 | D:8      | Gained mutation: Your body sometimes deteriorates upon taking damage. [mutagenic meat]
  7793 | D:8      | Gained mutation: When hurt, damage is shared between your health and your magic reserves. [demonic ancestry]
  7793 | D:8      | Reached XP level 10. HP: 32/67 MP: 8/13
  7803 | D:8      | Gained mutation: You occasionally shout uncontrollably at your foes. [mutagenic meat]
  7806 | D:8      | Gained mutation: You have a pair of small horns on your head. [mutagenic meat]
  7809 | D:8      | Gained mutation: You are frail. (-10% HP) [mutagenic meat]
  7812 | D:8      | Gained mutation: Your system is resistant to poisons. (rPois) [mutagenic meat]
  7812 | D:8      | Quit the game

Vault maps used:
D:1:      minmay_arrival_doors, minmay_misc_feat_rows
D:2:      minmay_gold_behind_fungi, kennysheep_nondescript
D:3:      ecumenical_altar_2
D:4:      portal_sewer_entry_b, serial_shops, nicolae_shop_crystal,
          grunt_decor_one_mirror
D:5:      first_bread
D:6:      kennysheep_mini, nicolae_ossuary_entry_ruins, serial_shops,
          shop_fountains, uniq_sigmund
D:8:      grunt_temple_overflow_open, kennysheep_little_box
Temple:   nicolae_temple_no_exploring_needed
Sewer:    sewer_the_crocodile
Ossuary:  minmay_ossuary_gauntlet

Skill      XL: |  1  2  3  4  5  6  7  8  9 |
---------------+----------------------------+-----
Staves         | 3 4 5 6 8 9 10 | 10.6
Armour         | 1 2 3 5 6 7 |  7.1
Evocations     | 1 4 |  4.3
Fighting       | |  2.0
Throwing       | |  1.7
Dodging        | |  2.6

Action                   |  1- 3 |  4- 6 |  7- 9 | 10-12 || total
-------------------------+-------+-------+-------+-------++-------
Melee: Quarterstaff      |   123 |   208 |   615 |       ||   946
Throw: Javelin           |       |     5 |     4 |       ||     9
       Throwing net      |       |     3 |     1 |       ||     4
       Tomahawk          |       |       |     1 |       ||     1
Invok: Quick Charge      |       |       |     3 |       ||     3
 Abil: Evoke Berserk Rag |       |       |     1 |       ||     1
Evoke: Wand              |       |       |     8 |       ||     8
  Use: Scroll            |       |    19 |     6 |       ||    25
       Potion            |       |     2 |     6 |       ||     8
 Stab: Held in net/web   |       |     2 |     1 |       ||     3
       Invisible         |       |       |    12 |       ||    12
       Sleeping          |       |       |     1 |       ||     1
  Eat: Chunk             |     2 |     6 |    15 |     5 ||    28
       Beef jerky        |       |       |     3 |       ||     3
       Meat ration       |       |       |     1 |       ||     1
       Fruit             |       |       |     1 |       ||     1
       Pizza             |       |       |     1 |       ||     1
Armor: Ring mail         |    19 |       |       |       ||    19
       Leather armour    |    17 |       |    30 |       ||    47
       Chain mail        |    16 |   115 |    26 |       ||   157
       Plate armour      |       |       |   306 |       ||   306
Dodge: Dodged            |    62 |    73 |   214 |       ||   349
Block: Other             |     9 |    28 |    19 |       ||    56
       Reflection        |       |       |     1 |       ||     1
